 Dungeon Crawl Stone Soup version 0.18-a0-596-g6468885 (webtiles) character file.

1627 4thArraOfDagon the Twirler (level 8, 0/63 HPs)
             Began as a Centaur Air Elementalist on Dec 3, 2015.
             Was a Priest of Pakellas.
             Succumbed to poison (a potion of poison)
             ... on level 8 of the Dungeon.
             The game lasted 00:29:19 (5205 turns).

4thArraOfDagon the Twirler (CeAE)                   Turns: 5205, Time: 00:29:19

Health: 0/63       AC:  7    Str: 12    XL:     8   Next: 65%
Magic:  9/9        EV: 10    Int: 18    God:    Pakellas [***...]
Gold:   249        SH:  0    Dex: 10    Spells: 3 memorised, 5 levels left

rFire  + . .     SeeInvis .     k - +4 quarterstaff (chaos)
rCold  + . .     Clarity  .     f - +1 robe {rF+}
rNeg   . . .     SustAt   .     (shield currently unavailable)
rPois  .         Gourm    .     (no helmet)
rElec  .         Spirit   .     l - +1 cloak {+Inv}
rCorr  .         Dismiss  .     (no gloves)
rMut   .         Stasis   .     (no barding)
MR     +....                    v - amulet of faith
Stlth  +.........               (no ring)
                                z - +3 ring of intelligence

@: lethally poisoned (0 -> -31), repel missiles, very quick, somewhat resistant
to hostile enchantments, very unstealthy
A: hooves 3, cold resistance 1, deformed body, speed 2, low mp 1, magic
resistance 1, tough skin 3
a: Quick Charge, Device Surge, Renounce Religion, Evoke Invisibility


You were on level 8 of the Dungeon.
You worshipped Pakellas.
Pakellas was most pleased with you.
You were not hungry.

You visited 2 branches of the dungeon, and saw 10 of its levels.

You collected 249 gold pieces.

Inventory:

Hand Weapons
 e - a +1 dagger of venom
 i - a +0 halberd
 k - a +4 quarterstaff of chaos (weapon)
Missiles
 t - 7 tomahawks (quivered)
 G - 11 poisoned needles
Armour
 f - a +1 robe of fire resistance (worn)
 l - a +1 cloak of invisibility (worn)
 n - a +0 ring mail
Jewellery
 v - an amulet of faith (around neck)
 z - a +3 ring of intelligence (left hand)
Wands
 j - a wand of polymorph (0)
 p - a wand of paralysis (8)
Scrolls
 g - 2 scrolls of recharging {unknown}
 h - a scroll of immolation {unknown}
 o - 4 scrolls of amnesia {unknown}
 q - a scroll of remove curse
 s - a scroll of teleportation {unknown}
 u - a scroll of random uselessness {unknown}
 w - 2 scrolls of blinking {unknown}
 x - a scroll of noise
 y - a scroll of vulnerability {unknown}
 A - a scroll of enchant weapon {unknown}
 D - a scroll of magic mapping
Potions
 a - 2 potions of poison
 d - a potion of curing {unknown}
 m - 4 potions of brilliance
 r - a potion of magic
 H - a potion of might {unknown}
 I - a potion of resistance {unknown}
 J - a potion of agility
Books
 b - a book of Air

   Spells                             Type                      Level
   a - Shock                          Conjuration/Air              1
   b - Swiftness                      Charms/Air                   2
   c - Repel Missiles                 Charms/Air                   2
   d - Static Discharge               Conjuration/Air              3
   e - Lightning Bolt                 Conjuration/Air              5
Miscellaneous
 E - a plain deck of summoning {drawn: 2}
Comestibles
 c - 5 bread rations
 B - a beef jerky
 C - 2 fruits
 F - 2 meat rations


   Skills:
 + Level 3.5 Fighting
 * Level 6.2 Staves
 + Level 1.7 Armour
 + Level 3.1 Dodging
 - Level 1.2 Stealth
 - Level 1.5 Spellcasting
 - Level 2.2 Conjurations
 - Level 3.7 Air Magic
 + Level 3.8 Evocations


You had 5 spell levels left.
You knew the following spells:

 Your Spells              Type           Power        Failure   Level  Hunger
a - Shock                 Conj/Air       ##..         8%          1    ##.....
b - Repel Missiles        Chrm/Air       #.....       14%         2    ###....
c - Swiftness             Chrm/Air       #.......     14%         2    ###....


Dungeon Overview and Level Annotations

Branches:
Dungeon (9/15)             Temple (1/1) D:4             Orc (0/4) D:9
   Lair: D:8-11

Altars:
Cheibriados
Dithmenos
Gozag
Nemelex Xobeh
Okawaru
Pakellas
Qazlal
Ru
Sif Muna
Trog
Vehumet
Yredelemnul
Zin

Shops:
D:6 (


Innate Abilities, Weirdness & Mutations

You have hooves in place of feet.
Armour fits poorly on your strangely shaped body.
You cover ground very quickly.
You have extremely tough skin (AC +3).
Your flesh is cold resistant.
Your magical capacity is low (-10% MP).
You are resistant to hostile enchantments.


Message History

Okay, then.
* * * LOW HITPOINT WARNING * * *
You feel sick.
Unknown command.
Unknown command.
* * * LOW HITPOINT WARNING * * *
You feel sick.
Unknown command.
Unknown command.
* * * LOW HITPOINT WARNING * * *
You feel sick.
Unknown command.
Unknown command.
* * * LOW HITPOINT WARNING * * *
You feel sick.
The sky beast flickers out of sight!
Unknown command.
Drink which item? (? for menu, Esc to quit)
It was a potion of poison.
That liquid tasted very nasty...
You are more poisoned.
You die...

#............#
########.....#
#.<...#
#.....#
#.....#
#.....#
#.....#
#.....#
#.@...#
#######


There were no monsters in sight!

Vanquished Creatures
  A necrophage (D:6)
  A phantom (D:7)
  3 ogres
  2 giant frogs
  A scorpion (D:5)
  2 killer bees (D:8)
  3 jellies
  2 hounds
  3 orc wizards
  Crazy Yiuf (D:2)
  A giant frog skeleton (D:5)
  7 worker ants
  Natasha (D:2)
  4 orc priests
  A hound zombie (D:7)
  7 gnolls
  8 adders
  2 shadow imps
  2 oozes
  2 worms
  5 giant geckos
  21 orcs
  2 giant cockroaches
  10 hobgoblins
  A quokka (D:2)
  3 ball pythons
  4 bats
  A giant gecko skeleton (D:4)
  A giant newt (D:2)
  9 goblins
  9 kobolds
  A quokka skeleton (D:4)
  4 rats
125 creatures vanquished.

Vanquished Creatures (collateral kills)
  An orc warrior (D:7)
  2 orc wizards (D:7)
  2 orcs (D:7)
5 creatures vanquished.

Vanquished Creatures (others)
  2 gnolls (D:2)
  An orc (D:5)
  A hobgoblin (D:2)
4 creatures vanquished.

Grand Total: 134 creatures vanquished

Notes
Turn   | Place    | Note
--------------------------------------------------------------
     0 | D:1      | 4thArraOfDagon the Centaur Air Elementalist began the quest for the Orb.
     0 | D:1      | Reached XP level 1. HP: 14/14 MP: 3/3
    16 | D:1      | Reached skill level 1 in Conjurations
   530 | D:2      | Reached skill level 3 in Air Magic
   570 | D:2      | Reached XP level 2. HP: 12/20 MP: 0/4
   727 | D:1      | Learned a level 2 spell: Repel Missiles
   887 | D:2      | Reached XP level 3. HP: 15/26 MP: 0/5
   947 | D:2      | Learned a level 2 spell: Swiftness
  1120 | D:2      | Noticed Crazy Yiuf
  1134 | D:2      | Killed Crazy Yiuf
  1134 | D:2      | Reached skill level 1 in Fighting
  1134 | D:2      | Reached XP level 4. HP: 27/35 MP: 6/6
  1200 | D:2      | Found a sacrificial altar of Ru.
  1291 | D:2      | Found a radiant altar of Vehumet.
  1293 | D:2      | Noticed Natasha
  1297 | D:2      | Killed Natasha
  1376 | D:2      | Reached skill level 1 in Staves
  1525 | D:3      | Noticed an ice beast
  1601 | D:4      | Reached XP level 5. HP: 33/41 MP: 2/7
  1666 | D:5      | Entered Level 5 of the Dungeon
  1823 | D:4      | Found a staircase to the Ecumenical Temple.
  1832 | Temple   | Entered the Ecumenical Temple
  1866 | Temple   | Became a worshipper of Pakellas the Inventive
  2393 | D:5      | Found a stormy altar of Qazlal.
  2604 | D:5      | Reached skill level 1 in Evocations
  2604 | D:5      | Reached XP level 6. HP: 22/48 MP: 1/8
  2675 | D:6      | Found Saugh's Antique Weapon Shop.
  3098 | D:3      | Reached * piety under Pakellas
  3624 | D:6      | Reached XP level 7. HP: 48/55 MP: 5/9
  3641 | D:6      | Reached skill level 4 in Staves
  3878 | D:6      | Found an opulent altar of Gozag.
  3949 | D:6      | Reached ** piety under Pakellas
  3964 | D:6      | Reached skill level 5 in Staves
  4107 | D:6      | Found a sparkling altar of Nemelex Xobeh.
  4247 | D:5      | Reached XP level 8. HP: 36/62 MP: 6/10
  4349 | D:5      | Gained mutation: Your flesh is cold resistant. [potion of mutation]
  4349 | D:5      | Gained mutation: Your magical capacity is low (-10% MP). [potion of mutation]
  4349 | D:5      | Gained mutation: You are resistant to hostile enchantments. [potion of mutation]
  4550 | D:7      | Reached skill level 1 in Armour
  4633 | D:7      | Reached *** piety under Pakellas
  5003 | D:9      | Found a staircase to the Orcish Mines.
  5073 | D:8      | Reached skill level 6 in Staves
  5204 | D:8      | HP: 3/63 [poisoned by a killer bee]
  5205 | D:8      | Succumbed to poison (a potion of poison)

Vault maps used:
D:1:      onia_arrival_mini_spirals
D:2:      fiery_altar_vehumet, nicolae_ru_sacrificial_ziggurat, uniq_natasha,
          uniq_crazy_yiuf_cottage
D:4:      temple_statues, first_bread, minmay_bad_closet,
          minmay_tree_intersection, fedhas_altar_fruit_tree
D:5:      nicolae_tso_swordbearing_angel, nicolae_qazlal_general_emergency
D:6:      grunt_gozag_statues, nemelex_deck, serial_shops, shop
D:7:      kennysheep_another_room
D:8:      serial_ice, serial_ice_a, serial_ice_n, serial_ice_k, serial_ice_b
D:9:      david_orc_3
Temple:   nicolae_temple_elliptical

Action                   |  1- 3 |  4- 6 |  7- 9 || total
-------------------------+-------+-------+-------++-------
Melee: Spear             |    24 |       |       ||    24
       Dagger            |    27 |    19 |       ||    46
       Unarmed           |     5 |       |       ||     5
       Quarterstaff      |       |   128 |    99 ||   227
Throw: Tomahawk          |       |       |     2 ||     2
 Cast: Shock             |    42 |    51 |    22 ||   115
       Repel Missiles    |     1 |     1 |       ||     2
Evoke: Wand              |       |     2 |     5 ||     7
       Deck              |       |       |     2 ||     2
  Use: Scroll            |     5 |     2 |     3 ||    10
       Potion            |       |     2 |     2 ||     4
 Stab: Petrifying        |       |       |     1 ||     1
       Paralysed         |       |       |     6 ||     6
  Eat: Chunk             |     2 |     7 |     4 ||    13
       Fruit             |       |     1 |     1 ||     2
       Beef jerky        |       |     1 |       ||     1
